Zazza, lawful female human Tourist ----- ------- |...| |....>.#######-------------- ---------- |..>| |.....| #-............| |........| |...%# |.....| |............| #.......<.| |...|# |.....| |............| #|.........### -------- |...|# |.....| #.............| #---------- # |..[[)*| --|--# ---|--- ###--.----------- ## ### |.+)%%?| ## # # # ##### # # |.%!![*| # # # ### # # ### |.]![%[| # # # # ## # # |.%%%?%| # ################ ---.----------# ##-.!>(=%| ---|- ##----|-- |............|# -------- |...|######......| |............|# |...| #|.....| |............-# |....######|.....| -------------- ---- |...| |.....| |..| ----- |.....| |..| # ------- ---- # Zazza the Rambler Experience level: 2 Strength: 11 Dexterity: 14 Constitution: 13 Intelligence: 11 Wisdom: 9 Charisma: 14 Health: 17(17) Energy: 4(4) Def: 4 Gold: 59 Moves: 1411 Dungeon seed: xqRB2chM4zLcRd-t Game ID: Zazza_1619110516 Your Inventory: Coins $ - 59 gold pieces Weapons a - 35 +2 darts (in quiver) Armor e - an uncursed +0 Hawaiian shirt (being worn) u - an uncursed +0 shield of reflection (being worn) v - an uncursed +0 pair of jumping boots (being worn) w - a cursed -1 cloak of invisibility (being worn) y - a cursed +0 helm of opposite alignment (being worn) N - a cursed -1 pair of gauntlets of fumbling (being worn) Comestibles b - 6 uncursed food rations c - 3 uncursed slime molds d - 3 uncursed tripe rations f - an uncursed pear B - an uncursed partly eaten food ration Scrolls i - an uncursed scroll of magic mapping n - an uncursed scroll of taming t - a blessed scroll of light x - a blessed scroll of magic mapping Potions h - 2 uncursed potions of extra healing r - a cursed potion of sickness Tools j - an expensive camera (0:72) k - an uncursed credit card m - an uncursed credit card A - an uncursed skeleton key Gems q - 4 uncursed worthless pieces of green glass z - an uncursed worthless piece of orange glass Y - an uncursed worthless piece of yellow glass Spells and supernatural/magical abilities: Name Level Category Fail Memory W - pray for help -- divine ? -- Y - supernatural jump -- ability ? -- Your skills at the end: Fighting Skills Weapon Skills dart [Basic] Spellcasting Skills Final Attributes: You were devoutly aligned. You fumbled. You were invisible. You could jump. You had reflection. You survived. Vanquished creatures: a gecko 4 jackals a fox a kobold a goblin 6 sewer rats 2 grid bugs 5 lichens 7 newts 28 creatures vanquished. Voluntary challenges: You never hit with a wielded weapon. You read items or engraved 6 times, starting on turn 158. You never genocided any monsters. You never polymorphed an object. You never changed form. You used no wishes. You never split a pudding. You never wrote Elbereth's name. You never violated your personal moral code. Dungeon overview: The Dungeons of Doom: levels 1 to 3 Level 1 a fountain, a sink a long staircase Level 2 an armor shop, a fountain Level 3 <- You were here a general store stairs to The Gnomish Mines The Gnomish Mines: Level 4 stairs to The Dungeons of Doom History has recorded: On T:1 you entered the Dungeons of Doom to retrieve the Amulet of Yendor! On T:528 you reached level 2 of The Dungeons of Doom. On T:1067 you reached level 3 of The Dungeons of Doom. On T:1372 you reached level 1 of The Gnomish Mines. On T:1384 you advanced to experience level 2. Score breakdown: Gold: 0 ( 0 points) Experience: 2 levels ( 5570 points) Exploration: 4 levels ( 7.55%) ( 7205 points) Discoveries: 5 items ( 1.68%) ( 3885 points) Valuables value: (no points given unless you survive) Artifact value: 0 ( 0 points) Variety of kills: 9 monsters ( 2.36%) ( 4610 points) Turncount: 1411 turns ( 0 points) Survival: quit (score multiplied by 90%) Total score: 19143 Latest messages: You hit the goblin. You kill the goblin! You slip and nearly fall. You make a lot of noise! You flounder. You make a lot of noise! You trip over your own feet. You make a lot of noise! You slip and nearly fall. You make a lot of noise! You fall down the stairs. Something is written here in the dust. You read: "l|cr???". You stop running. You stumble. You make a lot of noise! You hit the kobold. You kill the kobold! Welcome to experience level 2. You slip and nearly fall. You make a lot of noise! You trip over your own feet. You make a lot of noise! Final status: Aloha Zazza the Tourist, quit... You quit in The Dungeons of Doom on dungeon level 3 with 19143 points, and 59 pieces of gold, after 1411 moves. You were level 2 with a maximum of 17 hit points when you quit.